 Dungeon Crawl Stone Soup version 0.28-b1-25-g9875b3fc8c (webtiles) character file.

Game seed: 13945793370272862475

82 sanka the Magician (level 4, -1/24 HPs)
             Began as a Deep Elf Transmuter on Feb 7, 2022.
             Succumbed to an adder's poison
             ... on level 3 of the Dungeon.
             The game lasted 00:05:49 (3384 turns).

sanka the Magician (Deep Elf Transmuter)            Turns: 3384, Time: 00:05:50

Health: -1/24      AC:  2    Str:  7    XL:     4   Next: 21%
Magic:  8/12       EV: 20    Int: 20    God:
Gold:   206        SH:  0    Dex: 20    Spells: 6/12 levels left

rFire   . . .      SeeInvis .     - Unarmed
rCold   . . .      Faith    .   (shield currently unavailable)
rNeg    . . .      Spirit   .   (armour currently unavailable)
rPois   x          Reflect  .   (helmet currently unavailable)
rElec   .          Harm     .   (cloak currently unavailable)
rCorr   .          Rampage  .   (gloves currently unavailable)
Will    .....                   (boots currently unavailable)
Stlth   ++........              (no amulet)
HPRegen 0.08/turn               (no ring)
MPRegen 0.13/turn               (no ring)

@: lethally poisoned (-1 -> -31), spider-form (expiring)
A: venomous fangs, tiny
a: End Transformation


You were on level 3 of the Dungeon.
You were a venomous arachnid creature.
You visited 1 branch of the dungeon, and saw 3 of its levels.

You collected 206 gold pieces.

Inventory:

Armour
 d - a +0 cloak (melded)
 j - the +2 leather armour of Moetupp (melded) {rCorr Stlth+}
   (You found it on level 2 of the Dungeon)

   rCorr:     It protects you from acid and corrosion.
   Stlth:     It makes you more stealthy.
Jewellery
 c - a ring of fire
Scrolls
 a - 2 scrolls of noise {unknown}
 b - 4 scrolls of identify {unknown}
 e - a scroll of amnesia {unknown}
 f - a scroll of magic mapping {unknown}
 g - a scroll of teleportation {unknown}
 l - a scroll of vulnerability {unknown}
Potions
 h - a potion of curing {unknown}
 i - a potion of degeneration {unknown}
 k - 3 potions of heal wounds {unknown}


   Skills:
 - Level 0.7 Fighting
 - Level 2.4 Dodging
 - Level 2.4 Unarmed Combat
 + Level 4.5 Spellcasting
 - Level 3.0 Transmutations
 + Level 2.5 Poison Magic


You had 6 spell levels left.
You knew the following spells:

 Your Spells              Type           Power      Damage    Failure   Level
a - Beastly Appendage     Tmut           32%        N/A       12%         1
b - Wereblood             Tmut           16%        N/A       16%         2
c - Spider Form           Tmut/Pois      15%        N/A       28%         3

Your spell library contained the following spells:

 Spells                   Type           Power      Damage    Failure   Level
 Ice Form                 Ice/Tmut       10%        N/A       75%         4


Dungeon Overview and Level Annotations

Branches:
Dungeon (3/15)

Altars:

Shops:
D:2 :

Annotations:
D:3 1 runed translucent door, Crazy Yiuf, Terence


Message History

You see here a +0 plate armour.
An adder comes into view.
Casting: Beastly Appendage (safe; 5% risk of failure)
Confirm with . or Enter, or press ? or * to list all spells.
The spell is extremely dangerous to miscast (19% risk of failure)!
Continue anyway?
You miscast Spider Form.
You are very lightly contaminated with residual magic.
Nothing appears to happen.
You start resting.
Your magical contamination has completely faded away.
Casting: Spider Form (extremely dangerous; 19% risk of failure)
Confirm with . or Enter, or press ? or * to list all spells.
The spell is extremely dangerous to miscast (19% risk of failure)!
Continue anyway?
You turn into a venomous arachnid creature.
Your +0 cloak melds into your body.
The +2 leather armour of Moetupp {rCorr Stlth+} melds into your body.
The adder hisses angrily.
Your transformation is almost over.
The adder bites you.
You are poisoned.
The adder poisons you!
You hit the adder.
The adder is poisoned.
The adder is lightly wounded.
You feel very sick. The adder misses you.
You barely miss the adder.
The adder is lightly wounded.
You feel sick. The adder closely misses you. The adder bites you.
You are lethally poisoned!
The adder poisons you!
You hit the adder.
The adder is lightly wounded.
You feel very sick. The adder bites you.
* * * LOW HITPOINT WARNING * * *
You are more poisoned.
The adder poisons you!
You completely miss the adder.
The adder is heavily wounded.
You die...

#......# #.#
######.# #.# #.#
#.# #.. #.# ###
#.# #.# #S# #s#
####### #.#
#......
#.##########.#####
#............#
##############


You could see an adder (very poisoned).

Vanquished Creatures
  3 adders
  A worm (D:2)
  A dart slug (D:3)
  An orc (D:3)
  4 ball pythons
  2 endoplasms
  2 giant cockroaches
  6 hobgoblins
  A jackal (D:3)
  9 kobolds
  5 quokkas
  3 bats (D:2)
  A frilled lizard (D:2)
  8 rats
47 creatures vanquished.

Notes
Turn   | Place    | Note
-------+----------+-------------------------------------------
     0 | D:1      | sanka the Deep Elf Transmuter began the quest for the Orb.
     0 | D:1      | Reached XP level 1. HP: 11/11 MP: 6/6
   481 | D:1      | Reached skill level 1 in Poison Magic
   481 | D:1      | Reached XP level 2. HP: 15/16 MP: 6/8
   501 | D:1      | Learned a level 2 spell: Wereblood
   518 | D:1      | Found a faded altar of an unknown god.
  1607 | D:2      | Reached XP level 3. HP: 12/20 MP: 10/10
  1728 | D:2      | Learned a level 3 spell: Spider Form
  2061 | D:2      | Found Esawk's Book Emporium.
  2154 | D:2      | Reached skill level 4 in Spellcasting
  2156 | D:2      | Identified the +2 leather armour of Moetupp {rCorr Stlth+}
  2562 | D:3      | Reached XP level 4. HP: 20/24 MP: 3/12
  2942 | D:3      | Found a runed translucent door.
  2943 | D:3      | Noticed Crazy Yiuf
  3063 | D:3      | Noticed Terence
  3384 | D:3      | Succumbed to an adder's poison

Illustrated notes

Levels and vault maps discovered:
D:1:      matt_arrival_los_fun, layout_basic, shapermc_ecumenical_altar_gd
D:2:      layout_rooms, serial_shops, shop_statue
D:3:      minmay_chambers_of_threes, layout_loops_ring, uniq_crazy_yiuf_cottage,
          uniq_terence

Skill      XL: |  1  2  3 |
---------------+----------+-----
Poison Magic   | 1 2 |  2.5
Transmutations | 3 |  3.0
Spellcasting   | 4 |  4.5
Fighting       | |  0.7
Dodging        | |  2.4
Unarmed Combat | |  2.4

Action                   |  1- 3 |  4- 6 || total
-------------------------+-------+-------++-------
Melee: Unarmed           |   113 |    23 ||   136
       Kick              |    24 |     1 ||    25
       Headbutt          |    12 |     1 ||    13
 Cast: Beastly Appendage |    25 |     3 ||    28
       Wereblood         |     2 |     1 ||     3
       Spider Form       |     2 |     3 ||     5
 Stab: Sleeping          |       |     1 ||     1
Armor: Robe              |    12 |       ||    12
       Leather armour    |     6 |     3 ||     9
       Skin              |     2 |       ||     2
Dodge: Dodged            |    69 |    12 ||    81
